 Dungeon Crawl Stone Soup version 0.20.1-1-g8b1a95d (webtiles) character file.

59015 Monsterracer the Covert (level 14, -6/129 HPs)
             Began as a Naga Venom Mage on Sept 1, 2017.
             Was a High Priest of Vehumet.
             Mangled by an orc knight
             ... wielding a +3 long sword of freezing
              (27 damage)
             ... on level 1 of the Orcish Mines.
             The game lasted 01:41:41 (24275 turns).

Monsterracer the Covert (Naga Venom Mage)          Turns: 24275, Time: 01:41:41

Health: -6/129     AC: 10    Str: 12    XL:     14   Next: 93%
Magic:  1/28       EV: 14    Int: 20    God:    Vehumet [*****.]
Gold:   1775       SH:  0    Dex: 11    Spells: 1/34 levels left

rFire    . . .     SeeInvis +   a - +9 staff of Olgreb {rPois}
rCold    . . .     Gourm    .   (no shield)
rNeg     . . .     Faith    .   v - +1 leather armour {MR+}
rPois    ∞         Spirit   .   (no helmet)
rElec    .         Reflect  .   (no cloak)
rCorr    .         Harm     .   e - +2 pair of gloves
MR       ++...                  (no barding)
Stlth    +++++.....             J - amulet of rage
Regen    0.4/turn               i - ring of wizardry
MPRegen  0.3/turn               x - +5 ring of evasion

@: radiating poison, very slow
A: see invisible, deformed body, poison resistance, slowness 2, slow metabolism
1, spit poison 1, constrict 1, AC +4
a: Spit Poison, Renounce Religion, Evoke Berserk Rage


You were on level 1 of the Orcish Mines.
You worshipped Vehumet.
Vehumet was extremely pleased with you.
You were near starving.

You visited 3 branches of the dungeon, and saw 18 of its levels.

You collected 1775 gold pieces.

Inventory:

Hand Weapons
 a - the +9 staff of Olgreb (weapon) {rPois}
   (You found it on level 10 of the Dungeon)

   It protects you from poison.
 Q - the +7 flail of the Inferno {flame, rPois MP+9 Str+7}
   (You found it on level 5 of the Lair of Beasts)

   It has been specially enchanted to burn those struck by it, causing extra
   injury to most foes and up to half again as much damage against particularly
   susceptible opponents.
   It affects your strength (+7).
   It protects you from poison.
   It affects your magic capacity (+9).
Missiles
 D - a throwing net (quivered)
Armour
 e - a +2 pair of gloves (worn)
 o - a +1 robe of magic resistance
 v - a +1 leather armour of magic resistance (worn)
 H - a +0 troll leather armour
Magical Staves
 b - an uncursed staff of energy {!a}
Jewellery
 i - a ring of wizardry (left hand)
 x - a +5 ring of evasion (right hand)
 J - an amulet of rage (around neck)
 P - an uncursed ring of positive energy
Wands
 f - a wand of scattershot (3/9)
 n - a wand of flame (14/48)
 u - a wand of clouds (7/9)
 y - a wand of acid (3/15)
 C - a wand of lightning (4/15)
 G - a wand of flame (19/48)
 I - a wand of flame (37/48)
 N - a wand of acid (10/15)
 O - a wand of digging (11/24)
 T - a wand of clouds (3/9)
Scrolls
 k - 6 scrolls of magic mapping
 l - 4 scrolls of teleportation
 m - 9 scrolls of identify
 p - 3 scrolls of fog
 r - 5 scrolls of enchant armour
 t - 3 scrolls of recharging
 z - a scroll of blinking
 A - 4 scrolls of remove curse
 E - a scroll of amnesia
 M - a scroll of enchant weapon
Potions
 d - a potion of brilliance
 g - 2 potions of cancellation
 j - 2 potions of heal wounds
 q - a potion of resistance
 F - 3 potions of flight
 K - 5 potions of curing
 L - 2 potions of lignification
 S - 2 potions of ambrosia
Books
 w - a book of Necromancy

   Spells                             Type                      Level
   a - Pain                           Necromancy                   1
   b - Animate Skeleton               Necromancy                   1
   c - Vampiric Draining              Necromancy                   3
   d - Regeneration                   Charms/Necromancy            3
   e - Animate Dead                   Necromancy                   4
   f - Control Undead                 Necromancy                   4
Comestibles
 c - 14 bread rations
 h - 25 royal jellies
 s - 11 fruits
 B - 11 meat rations
 R - 2 chunks of flesh


   Skills:
 + Level 9.4 Fighting
 + Level 5.4 Staves
 - Level 0.2 Armour
 - Level 2.1 Dodging
 + Level 14.5 Stealth
 + Level 10.8 Spellcasting
 * Level 13.2 Conjurations
 + Level 4.4 Fire Magic
 - Level 2.7 Ice Magic
 + Level 4.2 Earth Magic
 - Level 12.0 Poison Magic
 + Level 5.1 Evocations


You had one spell level left.
You knew the following spells:

 Your Spells              Type           Power        Failure   Level  Hunger
a - Sting                 Conj/Pois      ####         1%          1    None
b - Throw Flame           Conj/Fire      #####.       1%          2    None
c - Mephitic Cloud        Conj/Pois/Air  ######..     1%          3    None
d - Olgreb's Toxic Radia  Pois           ######..     1%          4    ##.....
e - Freeze                Ice            ###.         1%          1    None
f - Lee's Rapid Deconstr  Erth           ####......   4%          5    ####...
g - Ignite Poison         Fire/Tmut/Pois #####...     1%          3    None
h - Stone Arrow           Conj/Erth      #####.       1%          3    None
i - Poison Arrow          Conj/Pois      #######...   1%          6    ######.
j - Fireball              Conj/Fire      #####.....   1%          5    ####...


Dungeon Overview and Level Annotations

Branches:
Dungeon (10/15)            Temple (0/1) D:7            Lair (6/6) D:8
  Swamp (0/4) Lair:3       Spider (0/4) Lair:3        Slime (0/5) Lair:5
    Orc (2/2) D:10
    Elf: Orc:2

Altars:
Ashenzari
Cheibriados
Elyvilon
Fedhas
Hepliaklqana
Makhleb
Nemelex Xobeh
Okawaru
Qazlal
Ru
Vehumet
Jiyva

Shops:
D:5 (   D:9 (   D:10 [(

Portals:
Trove: D:10 (give 17 potions of curing)

Annotations:
D:10 1 runed door
Orc:2 Saint Roka


Innate Abilities, Weirdness & Mutations

You cannot wear boots.
Your serpentine skin is tough. (AC +4)
You have supernaturally acute eyesight. (SInv)
Armour fits poorly on your strangely shaped body.
Your system is resistant to poisons. (rPois)
You cover ground very slowly.
You have a slow metabolism.
You can spit poison.
You can use your snake-like lower body to constrict enemies.


Message History

You feel much better.
The orc knight hits you with a long sword of freezing!
* * * LOW HITPOINT WARNING * * *
The orc knight freezes you.
* * * LOW HITPOINT WARNING * * *
You climb upwards.
There is a stone staircase leading down here.
Casting: Poison Arrow
Confirm with . or Enter, or press ? or * to list all spells.
Okay, then.
Okay, then.
Okay, then.
Evoke which item? (* to show all) (? for menu, Esc to quit)
Okay, then.
Evoke which item? (* to show all) (? for menu, Esc to quit)
You begin to radiate toxic energy.
* * * LOW MAGIC WARNING * * *
You feel slightly more hungry.
The orc knight is poisoned.
The orc knight hits you with a long sword of freezing!!
You die...

..............## ###
......[........##########.###
..#...........##.##.##.#....###
........[....##...............##
...............#.......#.##....#
..........#...........#.##....##
.....#................[........##
.....................##.#..#....#
.#....#.....<...@o....##.†..#..#.
.##....................##).......
..............#.........#......#.
..#.....[............).###.......
...###...........................
....###...#......................
#..## #...[......................
...#####......................>..
#.###...#........................


You could see an orc knight.

Vanquished Creatures
  5 hydras
  3 catoblepae
  An anaconda (Lair:6)
  A two-headed ogre (D:8)
  An orc high priest (Orc:2)
  3 death yaks (Lair:6)
  Nergalle (Orc:1)
  Sonja (D:10)
  A lindwurm (Lair:6)
  2 oklob plants (Lair:2)
  3 orc sorcerers
  A wolf spider (Lair:6)
  2 manticores (Lair:6)
  7 black mambas
  8 elephants
  A torpor snail (Lair:6)
  12 spiny frogs
  2 rime drakes
  6 komodo dragons
  A troll (D:10)
  11 polar bears
  2 raiju (Lair:6)
  A hornet (D:10)
  8 dream sheep (Lair:6)
  15 blink frogs
  9 hippogriffs
  Sigmund (D:3)
  A redback (Lair:3)
  3 wyverns
  A vampire (D:10)
  41 yaks
  A hungry ghost (D:10)
  A steam dragon (D:5)
  4 basilisks
  5 wargs
  13 water moccasins
  7 soldier ants (D:10)
  15 hell hounds (Lair:6)
  15 porcupines
  3 ice beasts
  13 black bears
  2 phantoms
  14 orc warriors
  9 ogres
  2 necrophages (D:8)
  31 wolves
  5 centaurs
  13 crocodiles
  2 big kobolds
  12 bullfrogs
  A wyvern skeleton (D:6)
  2 scorpions
  21 killer bees
  6 wights
  3 electric eels
  4 howler monkeys
  3 crimson imps
  7 hounds
  2 quasits
  A bullfrog skeleton (D:9)
  A bullfrog zombie (D:5)
  3 iron imps (D:7)
  2 centaur zombies (D:8)
  6 jellies
  11 orc priests
  A centaur skeleton (D:4)
  An iguana (D:5)
  15 orc wizards
  11 worker ants
  3 hound zombies
  A hound skeleton (D:4)
  A worker ant zombie (D:9)
  A howler monkey skeleton (D:8)
  22 adders
  3 shadow imps
  An ooze (D:7)
  An adder skeleton (D:7)
  An adder zombie (D:8)
  8 worms
  3 dart slugs
  5 leopard geckos
  53 orcs
  9 giant cockroaches
  6 goblins
  9 hobgoblins
  11 jackals
  4 quokkas
  A ball python (D:3)
  2 bats
  6 frilled lizards
  A giant cockroach zombie (D:6)
  13 kobolds
  A leopard gecko zombie (D:3)
  A quokka skeleton (D:7)
  8 rats
  A fungus (Lair:6)
599 creatures vanquished.

Vanquished Creatures (others)
  An orc (D:5)
  A bush (Lair:4)
  28 fungi
  47 plants
77 creatures vanquished.

Grand Total: 676 creatures vanquished

Notes
Turn   | Place    | Note
-------+----------+-------------------------------------------
     0 | D:1      | Monsterracer the Naga Venom Mage began the quest for the Orb.
     0 | D:1      | Reached XP level 1. HP: 15/15 MP: 3/3
    51 | D:1      | Reached XP level 2. HP: 17/22 MP: 5/5
   783 | D:1      | HP: 11/22 [hobgoblin (4)]
  1066 | D:2      | Reached XP level 3. HP: 28/28 MP: 6/6
  1076 | D:1      | Learned a level 3 spell: Mephitic Cloud
  1668 | D:2      | Reached XP level 4. HP: 36/36 MP: 5/7
  2100 | D:3      | Found an iron altar of Okawaru.
  2168 | D:3      | Learned a level 4 spell: Olgreb's Toxic Radiance
  2183 | D:3      | Found a hazy altar of Hepliaklqana.
  2187 | D:3      | Reached skill level 4 in Stealth
  2454 | D:3      | Reached XP level 5. HP: 33/42 MP: 8/8
  2643 | D:3      | Reached skill level 5 in Poison Magic
  3062 | D:3      | Found a shattered altar of Ashenzari.
  3238 | D:4      | Noticed Sigmund
  3313 | D:3      | Killed Sigmund
  3313 | D:3      | Reached skill level 1 in Fighting
  3313 | D:3      | Reached XP level 6. HP: 38/51 MP: 5/10
  3473 | D:3      | Learned a level 1 spell: Sting
  3517 | D:4      | Found an iron altar of Okawaru.
  3546 | D:4      | Found a stormy altar of Qazlal.
  3763 | D:4      | Reached XP level 7. HP: 57/57 MP: 6/11
  3872 | D:4      | Found a sacrificial altar of Ru.
  3896 | D:4      | Found a white marble altar of Elyvilon.
  4265 | D:5      | Entered Level 5 of the Dungeon
  4280 | D:5      | Found a transporter.
  4429 | D:5      | Reached skill level 5 in Conjurations
  4455 | D:5      | Found a transporter.
  4493 | D:5      | Noticed a steam dragon
  4494 | D:5      | Found a blossoming altar of Fedhas.
  4508 | D:5      | Reached skill level 5 in Stealth
  4512 | D:5      | HP: 24/61 [steam dragon] (8)]
  4519 | D:5      | Killed a steam dragon
  4732 | D:5      | Reached XP level 8. HP: 62/68 MP: 8/13
  4784 | D:5      | Found Haemuot's Antique Weapon Shoppe.
  5103 | D:5      | Learned a level 5 spell: Venom Bolt
  5253 | D:5      | Found a radiant altar of Vehumet.
  5257 | D:5      | Became a worshipper of Vehumet
  6058 | D:6      | Reached skill level 6 in Stealth
  6594 | D:6      | Reached * piety under Vehumet
  6594 | D:6      | Offered knowledge of Sandblast by Vehumet.
  6635 | D:6      | Found a sparkling altar of Nemelex Xobeh.
  6866 | D:6      | Reached skill level 7 in Stealth
  6866 | D:6      | Reached XP level 9. HP: 71/78 MP: 15/15
  7586 | D:7      | Found a staircase to the Ecumenical Temple.
  7735 | D:7      | Reached skill level 5 in Spellcasting
  8010 | D:7      | Found a burning altar of Makhleb.
  8212 | D:8      | Found a snail-covered altar of Cheibriados.
  8226 | D:8      | Reached skill level 8 in Stealth
  8233 | D:8      | Reached skill level 5 in Fighting
  8234 | D:8      | Reached ** piety under Vehumet
  8234 | D:8      | Offered knowledge of Freeze by Vehumet.
  8236 | D:8      | Reached XP level 10. HP: 55/88 MP: 4/18
  8237 | D:8      | Reached skill level 9 in Stealth
  8239 | D:8      | HP: 40/88 [basilisk (10)]
  8241 | D:8      | HP: 17/88 [crocodile (9)]
  8245 | D:8      | HP: 2/90 [phantom (7)]
  8250 | D:8      | HP: 21/90 [phantom (4)]
  8265 | D:8      | HP: 25/90 [phantom (1)]
  8528 | D:8      | Learned a level 1 spell: Freeze
  8553 | D:8      | Found a staircase to the Lair.
  8702 | D:8      | Noticed a two-headed ogre
  8727 | D:8      | HP: 33/90 [two-headed ogre/giant club (18)]
  8727 | D:8      | HP: 15/90 [necrophage (2)]
  8728 | D:8      | Killed a two-headed ogre
  8728 | D:8      | Reached skill level 1 in Ice Magic
  8737 | D:8      | HP: 12/89 [adder (2)]
  8740 | D:8      | Offered knowledge of Throw Flame by Vehumet.
  8755 | D:8      | Learned a level 2 spell: Throw Flame
  9397 | D:8      | Reached *** piety under Vehumet
  9397 | D:8      | Reached skill level 10 in Stealth
  9397 | D:8      | Reached skill level 1 in Fire Magic
  9510 | D:8      | Offered knowledge of Ignite Poison by Vehumet.
  9515 | D:8      | Learned a level 3 spell: Ignite Poison
  9975 | D:9      | Found Ughiunec's Antique Weapon Shop.
 10212 | D:9      | Reached **** piety under Vehumet
 10212 | D:9      | Reached XP level 11. HP: 95/95 MP: 13/20
 10664 | D:9      | Offered knowledge of Stone Arrow by Vehumet.
 10761 | D:9      | Reached skill level 10 in Poison Magic
 11186 | D:10     | Entered Level 10 of the Dungeon
 11230 | D:10     | Found a runed door.
 11234 | D:10     | Found a runed gate.
 11265 | D:10     | Learned a level 3 spell: Stone Arrow
 11275 | D:10     | Noticed Sonja
 11282 | D:10     | Killed Sonja
 11302 | D:10     | Found a runed gate.
 11302 | D:10     | Found a runed gate.
 11402 | D:10     | Found a runed door.
 11409 | D:10     | Reached skill level 1 in Earth Magic
 11409 | D:10     | Reached ***** piety under Vehumet
 11413 | D:10     | Offered knowledge of Poison Arrow by Vehumet.
 11417 | D:10     | HP: 48/97 [poisoned by a soldier ant]
 11422 | D:10     | HP: 36/97 [poisoned by a water moccasin]
 11427 | D:10     | HP: 30/97 [poisoned by a water moccasin]
 11432 | D:10     | HP: 28/97 [poisoned by a water moccasin]
 11439 | D:10     | HP: 26/97 [poisoned by a water moccasin]
 11446 | D:10     | HP: 26/97 [poisoned by a water moccasin]
 11454 | D:10     | HP: 26/97 [poisoned by a water moccasin]
 11736 | D:10     | Reached skill level 10 in Conjurations
 12047 | D:10     | Found Qoclaysi's Weapon Emporium.
 12049 | D:10     | Found a staircase to the Orcish Mines.
 12189 | D:10     | HP: 48/97 [ogre/giant club (20)]
 12195 | D:10     | HP: 46/97 [hungry ghost (3)]
 12206 | D:10     | HP: 44/97 [acid (5)]
 12227 | D:10     | Found Saogh's Armour Emporium.
 12239 | D:10     | HP: 47/97 [big kobold/short sword (3)]
 12589 | D:10     | Found a portal to a secret trove of treasure.
 12797 | Lair:1   | Entered Level 1 of the Lair of Beasts
 13499 | Lair:2   | Reached XP level 12. HP: 73/104 MP: 2/25
 13644 | Lair:2   | Reached skill level 11 in Stealth
 13652 | Lair:2   | Learned a level 6 spell: Poison Arrow
 13769 | Lair:2   | HP: 48/104 [komodo dragon (20)]
 15194 | Lair:3   | You fall through a shaft for 2 floors!
 15292 | Lair:4   | Noticed a six-headed hydra
 15300 | Lair:4   | Killed a six-headed hydra
 15398 | Lair:3   | Found a staircase to the Swamp.
 15411 | Lair:3   | Reached skill level 1 in Staves
 15411 | Lair:3   | Reached skill level 12 in Stealth
 15719 | Lair:3   | Found a hole to the Spider Nest.
 15947 | Lair:3   | Reached skill level 1 in Evocations
 16620 | Lair:4   | Gained mutation: You can use your snake-like lower body to constrict enemies. [Naga growth]
 16620 | Lair:4   | Reached XP level 13. HP: 115/115 MP: 19/26
 17549 | Lair:5   | Got an encrusted flail
 17565 | Lair:5   | HP: 55/115 [porcupine (13)]
 17567 | Lair:5   | Identified the +7 flail of the Inferno {flame, rPois MP+9 Str+7} (You found it on level 5 of the Lair of Beasts)
 18164 | Lair:5   | HP: 48/115 [four-headed hydra (10)]
 18546 | Lair:5   | Found a viscous altar of Jiyva.
 18546 | Lair:5   | Found a staircase to the Slime Pits.
 18895 | Lair:6   | Entered Level 6 of the Lair of Beasts
 18956 | Lair:6   | Reached skill level 13 in Stealth
 19277 | Lair:5   | HP: 49/116 [spiny frog (22)]
 19552 | Lair:6   | Reached skill level 10 in Spellcasting
 20254 | Lair:6   | HP: 55/116 [catoblepas (12)]
 20820 | Lair:6   | Reached XP level 14. HP: 102/125 MP: 19/28
 21095 | Lair:6   | Offered knowledge of Lee's Rapid Deconstruction by Vehumet.
 21197 | Lair:6   | HP: 53/125 [hell hound/blast of flame (25)]
 21204 | Lair:6   | HP: 44/125 [hell hound/blast of flame (10)]
 21954 | Lair:6   | Reached skill level 14 in Stealth
 22185 | Lair:6   | Learned a level 5 spell: Lee's Rapid Deconstruction
 22884 | Lair:6   | Reached skill level 5 in Staves
 23014 | Lair:6   | Offered knowledge of Fireball by Vehumet.
 23024 | Lair:6   | Learned a level 5 spell: Fireball
 23503 | Orc:1    | Entered Level 1 of the Orcish Mines
 23503 | Orc:1    | Noticed Nergalle
 23504 | Orc:1    | Killed Nergalle
 23819 | Orc:1    | Found a burning altar of Makhleb.
 23827 | Orc:1    | Reached skill level 5 in Evocations
 24151 | Orc:2    | Entered Level 2 of the Orcish Mines
 24250 | Orc:2    | Noticed Saint Roka
 24258 | Orc:2    | HP: 54/127 [warg[Saint Roka] (13)]
 24265 | Orc:2    | HP: 38/129 [Saint Roka/divine providence (13)]
 24271 | Orc:2    | HP: 10/129 [orc knight/long sword of freezing (11)]
 24275 | Orc:1    | Mangled by an orc knight

Skill      XL: |  1  2  3  4  5  6  7  8  9 10 11 12 13 14 |
---------------+-------------------------------------------+-----
Conjurations   | 2 3 4 5 6 8 9 10 11 12 13 | 13.2
Stealth        | 4 5 7 8 10 12 13 14 | 14.5
Poison Magic   | 5 6 7 8 9 10 11 12 | 12.0
Fighting       | 1 2 4 5 6 8 9 |  9.4
Spellcasting   | 3 4 5 6 9 10 | 10.8
Ice Magic      | 2 |  2.7
Fire Magic     | 1 2 4 |  4.4
Earth Magic    | 1 3 4 |  4.2
Staves         | 2 4 5 |  5.4
Evocations     | 2 3 5 |  5.1
Dodging        | 2 |  2.1
Armour         | |  0.2

Action                   |  1- 3 |  4- 6 |  7- 9 | 10-12 | 13-15 || total
-------------------------+-------+-------+-------+-------+-------++-------
Melee: Unarmed           |     5 |       |       |       |       ||     5
       Short sword       |    56 |    64 |   103 |   134 |       ||   357
       Hand axe          |       |       |   142 |    36 |       ||   178
       Staff             |       |       |       |    97 |   212 ||   309
       Constrict         |       |       |       |       |    37 ||    37
 Cast: Sting             |    41 |    64 |    62 |    53 |    24 ||   244
       Mephitic Cloud    |     3 |     4 |     9 |    10 |     1 ||    27
       Olgreb's Toxic Ra |       |       |    13 |    47 |    72 ||   132
       Throw Flame       |       |       |       |    95 |     1 ||    96
       Freeze            |       |       |       |    17 |     7 ||    24
       Venom Bolt        |       |       |       |    12 |       ||    12
       Ignite Poison     |       |       |       |    21 |    55 ||    76
       Stone Arrow       |       |       |       |    27 |     3 ||    30
       Poison Arrow      |       |       |       |    24 |    89 ||   113
 Abil: Spit Poison       |    24 |    33 |    48 |    51 |    26 ||   182
Evoke: Wand              |       |       |       |     2 |       ||     2
       Staff of Olgreb   |       |       |       |     6 |     9 ||    15
  Use: Scroll            |       |    12 |     6 |     5 |     5 ||    28
       Potion            |       |       |       |     4 |     2 ||     6
 Stab: Sleeping          |     1 |     2 |     3 |       |     3 ||     9
       Distracted        |       |       |       |     2 |       ||     2
       Confused          |       |       |       |     1 |       ||     1
  Eat: Chunk             |     3 |     8 |    17 |    38 |    44 ||   110
       Fruit             |       |       |       |     4 |     3 ||     7
Armor: Robe              |    22 |    17 |     2 |    10 |       ||    51
       Steam dragon scal |       |       |    68 |       |       ||    68
       Leather armour    |       |       |    36 |   122 |    71 ||   229
Dodge: Dodged            |    56 |    70 |   261 |   291 |   189 ||   867
